[Event "Early-Titled-Tuesday-Blitz-October-17-2023"]
[Site "Chess.com"]
[Date "2023.10.17"]
[Round "10"]
[White "Witty_Alien"]
[Black "Payyappat"]
[Result "0-1"]
[WhiteElo "2241"]
[BlackElo "2461"]
[TimeControl "180+1"]
[EndTime "9:58:04 PDT"]
[Termination "Payyappat won by checkmate"]

1. e4 c6 2. d4 d5 3. exd5 cxd5 4. c4 Nf6 5. Nf3 Nc6 6. Nc3 g6 7. Be2 Bg7 8. O-O O-O 9. Bf4 Bg4 10. h3 Bxf3 11.
Bxf3 Ne4 12. Nxd5 Nd6 13. Re1 Nxc4 14. Qb3 N4a5 15. Qa4 Rc8 16. b4 Nc4 17. Rad1 e6 18. b5 Nxd4 19. Nb4 Nb2 20. Qxa7 Nxf3+ 21. gxf3 Nxd1 22. Qxb7 Nxf2 23. Nc6 Nxh3+ 24. Kh2 Rxc6 25. bxc6 Nxf4 26. c7 Qh4+ 27. Kg1 Qg3+ 28. Kf1 Qg2# 0-1

[Event "Early-Titled-Tuesday-Blitz-October-17-2023"]
[Site "Chess.com"]
[Date "2023.10.17"]
[Round "10"]
[White "rikchessmx"]
[Black "Magila31"]
[Result "0-1"]
[WhiteElo "2253"]
[BlackElo "2357"]
[TimeControl "180+1"]
[EndTime "9:58:10 PDT"]
[Termination "Magila31 won by resignation"]

1. e4 e5 2. Nf3 Nc6 3. Bb5 Nf6 4. O-O Nxe4 5. d4 Nd6 6. dxe5 Nxb5 7. a4 Nbd4 8. Nxd4 Nxd4 9. Qxd4 d5 10. exd6 Qxd6 11.
Re1+ Be6 12. Qxd6 Bxd6 13. Nc3 O-O-O 14. Be3 a6 15. Ne4 Be7 16. b3 Bf5 17. Bg5 Bxg5 18.
Nxg5 Rhf8 19. c4 a5 20. Re3 h6 21. Nf3 Rd3 22. Rae1 Rfd8 23. h3 Rxe3 24. Rxe3 Rd3 25. Rxd3 Bxd3 26. Nd2 Kd7 27. f3 Kd6 28. Kf2 Kc5 29. Ke3 Bc2 30. g4 Kb4 31. Kd4 Bxb3 32. c5 Bxa4 33. Ne4 Bc6 34. Ng3 a4 35. f4 a3 36. Ne2 a2 37. Ng3 a1=Q+ 0-1

[Event "Early-Titled-Tuesday-Blitz-October-17-2023"]
[Site "Chess.com"]
[Date "2023.10.17"]
[Round "10"]
[White "DarZay"]
[Black "nitpicker"]
[Result "1-0"]
[WhiteElo "2222"]
[BlackElo "2232"]
[TimeControl "180+1"]
[EndTime "9:58:12 PDT"]
[Termination "DarZay won on time"]

1. e4 c5 2. Nf3 Nc6 3. d4 cxd4 4. Nxd4 Nf6 5. Nc3 d6 6. Bc4 Qb6 7. Be3 Qxb2 8. Ndb5 Qb4 9. Qe2 Qa5 10. Bd2 Qd8 11.
Nd5 Nxd5 12. exd5 Ne5 13. f4 Bg4 14. Qe4 Nxc4 15. Qxc4 Rc8 16. Qa4 Bd7 17. Qb3 Qb6 18. a4 a6 19. Be3 Qa5+ 20. Bd2 Qd8 21. Nd4 Qc7 22. O-O g6 23. f5 Bg7 24. Ne6 fxe6 25.
fxe6 Qxc2 26. exd7+ Kxd7 27. Qh3+ Ke8 28. Rac1 Bd4+ 29. Kh1 Qxc1 30. Bxc1 1-0

[Event "Early-Titled-Tuesday-Blitz-October-17-2023"]
[Site "Chess.com"]
[Date "2023.10.17"]
[Round "10"]
[White "Krakozia"]
[Black "Iball95"]
[Result "1-0"]
[WhiteElo "3016"]
[BlackElo "2837"]
[TimeControl "180+1"]
[EndTime "9:58:13 PDT"]
[Termination "Krakozia won by checkmate"]

1. e4 c5 2. Nf3 e6 3. d4 cxd4 4.
Nxd4 Nf6 5. Nc3 Nc6 6. a3 d5 7.
Bb5 Bd7 8. exd5 exd5 9. O-O Be7 10. Be3 O-O 11. h3 a6 12. Bd3 Ne5 13. Re1 Nxd3 14.
Qxd3 h6 15. Rad1 Rc8 16. Nf5 Be6 17. Nxe7+ Qxe7 18. Bd4 Rfd8 19. Qg3 Ne8 20. Re5 Rc4 21. Ne2 Rxc2 22. Nf4 Rdc8 23. Nxd5 Qd6 24. Bc3 Kh8 25. Ne3 Qxd1+ 26. Nxd1 Rc1 27. Re1 Bb3 28. Rxe8+ Rxe8 29. Qxg7# 1-0

[Event "Early-Titled-Tuesday-Blitz-October-17-2023"]
[Site "Chess.com"]
[Date "2023.10.17"]
[Round "10"]
[White "Mr_Lion22"]
[Black "szefru"]
[Result "1-0"]
[WhiteElo "2487"]
[BlackElo "2342"]
[TimeControl "180+1"]
[EndTime "9:58:13 PDT"]
[Termination "Mr_Lion22 won by resignation"]

1. d4 Nf6 2. c4 g6 3. Nc3 Bg7 4. e4 d6 5. Be2 O-O 6. Be3 e5 7. d5 Nbd7 8. g4 Nc5 9. f3 a5 10. h4 Nfd7 11. h5 g5 12. h6 Bf6 13.
Qd2 Be7 14. Nd1 f6 15. Bf2 a4 16. Ne3 Nb6 17. Bd1 Bd7 18. Ne2 c6 19. Ng3 Rf7 20. Be2 Bf8 21. Kf1 cxd5 22. cxd5 Qe8 23. Kg2 Bb5 24.
Nef5 Rc8 25. Rac1 Rfc7 26. Nh5 Rf7 27. Nhg7 Qd7 28. Bxc5 dxc5 29. Ne6 Bxe2 30. Qxe2 c4 31. Qe3 Qb5 32. Rc2 Rd7 33. Nxg5 fxg5 34. Qxg5+ Kh8 35. Qf6+ Kg8 36. Rh5 Bg7 37. Rg5 1-0

[Event "Early-Titled-Tuesday-Blitz-October-17-2023"]
[Site "Chess.com"]
[Date "2023.10.17"]
[Round "10"]
[White "GothamChess"]
[Black "FunnyDuck66"]
[Result "0-1"]
[WhiteElo "2660"]
[BlackElo "2496"]
[TimeControl "180+1"]
[EndTime "9:58:15 PDT"]
[Termination "FunnyDuck66 won by resignation"]

1. e4 c6 2. d4 d5 3. f3 dxe4 4. fxe4 e5 5. Nf3 Be6 6. c3 Nd7 7. Bd3 h6 8. O-O Bd6 9. Na3 Ngf6 10. Nc4 Bxc4 11. Bxc4 O-O 12. Bd3 Re8 13. Qc2 Qc7 14. Re1 Rad8 15. Be3 Ng4 16. Bf2 exd4 17. cxd4 Bxh2+ 18. Kf1 Nxf2 19. Kxf2 Bg3+ 20. Kg1 Bxe1 21. Rxe1 Qg3 22.
e5 Nb6 23. Qe2 Nd5 24. Qe4 Nf4 25. Qh7+ Kf8 26. Bf1 Qg6 27. Qxg6 Nxg6 28. a4 Ne7 29. Re3 Nf5 30. Re4 Rd7 31. Kf2 Red8 32. a5 Nxd4 33. a6 Nxf3 34. gxf3 bxa6 35. Bxa6 Rd4 36. Re3 Rd2+ 37.
Kg3 Rxb2 38. f4 Rdb8 39. Bc4 R8b4 40. Rc3 a5 41. f5 a4 42. f6 R2b3 0-1

[Event "Early-Titled-Tuesday-Blitz-October-17-2023"]
[Site "Chess.com"]
[Date "2023.10.17"]
[Round "10"]
[White "Rutricks"]
[Black "js20000"]
[Result "0-1"]
[WhiteElo "2664"]
[BlackElo "2880"]
[TimeControl "180+1"]
[EndTime "9:58:18 PDT"]
[Termination "js20000 won by resignation"]

1. Nf3 b6 2. c4 Bb7 3. g3 g5 4. Bg2 e6 5. d4 Be7 6. Nc3 g4 7. Nh4 Qc8 8. e4 h5 9. h3 Nf6 10. e5 Ng8 11. Ne4 gxh3 12. Rxh3 f5 13. Nxf5 exf5 14. Rxh5 Nh6 15. Bxh6 Bxe4 16. Bxe4 fxe4 17. Qg4 Kd8 18. Bg5 Rxh5 19. Qxh5 c5 20. d5 Bxg5 21. Qxg5+ Kc7 22. Qf4 Qh8 23. Qxe4 Kb7 24. O-O-O d6 25. exd6 Qh6+ 26. Kc2 Qxd6 27. Rh1 Na6 28. Rh7+ Nc7 29. Qe7 Qg6+ 30. Kc3 Rc8 31. d6 Qb1 32. Qe3 Qxh7 0-1

[Event "Early-Titled-Tuesday-Blitz-October-17-2023"]
[Site "Chess.com"]
[Date "2023.10.17"]
[Round "10"]
[White "Kildepiotr"]
[Black "TigrVShlyape"]
[Result "1-0"]
[WhiteElo "2659"]
[BlackElo "2819"]
[TimeControl "180+1"]
[EndTime "9:58:18 PDT"]
[Termination "Kildepiotr won by resignation"]

1. Nf3 Nf6 2. g3 d5 3. Bg2 c6 4. O-O Bf5 5. d3 h6 6. Nbd2 e6 7. b3 Bh7 8. Bb2 Be7 9. Ne5 O-O 10. e4 Nbd7 11. Qe2 a5 12. a4 Nxe5 13. Bxe5 Nd7 14. Bb2 Bf6 15. e5 Be7 16. f4 b5 17.
Bd4 Bc5 18. Qf2 Bxd4 19. Qxd4 b4 20. Qf2 Qb6 21. Qxb6 Nxb6 22. g4 c5 23. f5 Rac8 24. Rf4 Rfe8 25. Re1 Rc7 26. h4 exf5 27. gxf5 Rce7 28.
Nf3 Nd7 29. d4 cxd4 30. Nxd4 Rxe5 31. Rxe5 Rxe5 32. Nc6 Re2 33. Bxd5 Nf6 34. Bc4 Rxc2 35. Nxa5 Kf8 36. Nc6 Rd2 37. Rd4 Rxd4 38. Nxd4 Ke7 39. a5 Kd6 40. a6 Kc7 41. Bxf7 Kb6 42. Bc4 Ne4 43. Kg2 Nd6 44. Bd3 Bg8 45. Kf3 Bd5+ 46.
Kf4 Kc5 47. Ne6+ Kb6 48. Ke5 Bxe6 49. fxe6 Nc8 50. h5 Kc6 51. Be4+ Kb6 52. Bb7 Ne7 53.
Kd6 Ng8 54. e7 Nf6 55. Ke6 1-0

[Event "Early-Titled-Tuesday-Blitz-October-17-2023"]
[Site "Chess.com"]
[Date "2023.10.17"]
[Round "10"]
[White "Maxfan2008"]
[Black "PoXerStar"]
[Result "1-0"]
[WhiteElo "2532"]
[BlackElo "2418"]
[TimeControl "180+1"]
[EndTime "9:58:18 PDT"]
[Termination "Maxfan2008 won by resignation"]

1. d4 Nf6 2. c4 Nc6 3. Nf3 e6 4. a3 d5 5. Nc3 a6 6. Bg5 Be7 7.
cxd5 Nxd5 8. Bxe7 Qxe7 9. e4 Nxc3 10. bxc3 O-O 11. Bd3 Na5 12. e5 c5 13. h4 h6 14.
Bb1 cxd4 15. Qd3 g6 16. cxd4 h5 17. g4 hxg4 18. h5 gxf3 19. hxg6 fxg6 20. Qxg6+ Qg7 21.
Qh5 Nb3 22. Bh7+ Kh8 23. Bc2+ Kg8 24. Bxb3 Rf5 25. Qxf5 1-0

[Event "Early-Titled-Tuesday-Blitz-October-17-2023"]
[Site "Chess.com"]
[Date "2023.10.17"]
[Round "10"]
[White "Arystanner"]
[Black "VincentKeymer"]
[Result "1-0"]
[WhiteElo "2839"]
[BlackElo "3067"]
[TimeControl "180+1"]
[EndTime "9:58:21 PDT"]
[Termination "Arystanner won by resignation"]

1. e4 c6 2. d4 d5 3. exd5 cxd5 4. Nf3 Nc6 5. c3 Bf5 6. Qb3 Qd7 7. Nh4 Be6 8. Bd3 f6 9. O-O g5 10. Nf3 Nh6 11. Re1 Bf5 12. Bf1 e6 13. Na3 Rc8 14. Qd1 Bxa3 15. bxa3 Na5 16. a4 O-O 17. h4 Bg4 18.
hxg5 fxg5 19. Ne5 Bxd1 20. Nxd7 Rf7 21. Ne5 Bxa4 22. Nxf7 Kxf7 23. Bxg5 Nf5 24. Bd2 Nc4 25. Bxc4 Rxc4 26. f3 Rc8 27. Kf2 b5 28. g4 Nd6 29.
Rh1 Bc2 30. Bf4 Nc4 31. Kg3 Nb6 32. Rac1 Bg6 33. Bd6 Na4 34. Bb4 a6 35. f4 Be4 36.
f5 Bxh1 37. Rxh1 exf5 38. gxf5 Kg7 39. Kf3 Rc4 40. Bd6 Rxc3+ 41. Kf4 Nb2 42. Be5+ Kg8 43. Rg1+ Kf8 44. f6 Nc4 45. Kf5 Rf3+ 46. Ke6 h5 47. Rg7 h4 48. Rh7 1-0

[Event "Early-Titled-Tuesday-Blitz-October-17-2023"]
[Site "Chess.com"]
[Date "2023.10.17"]
[Round "10"]
[White "Me_ch_an"]
[Black "SanchezKelvin"]
[Result "0-1"]
[WhiteElo "2381"]
[BlackElo "2574"]
[TimeControl "180+1"]
[EndTime "9:58:23 PDT"]
[Termination "SanchezKelvin won by checkmate"]

1. e4 e5 2. Nf3 Nc6 3. Bb5 a6 4. Ba4 Nf6 5. Qe2 b5 6. Bb3 Bc5 7. c3 d6 8. O-O Bg4 9. Rd1 O-O 10. d3 h6 11. Nbd2 Re8 12. Nf1 d5 13. h3 Be6 14.
Ng3 d4 15. Nf5 Bxf5 16. exf5 Qd7 17. g4 e4 18. dxe4 Rxe4 19. Qd3 Rae8 20. Bd2 h5 21. g5 Qxf5 22. Bc2 Qxh3 23. Nh2 Rg4+ 24. Nxg4 Qxg4+ 25. Qg3 Qxg3+ 26. fxg3 dxc3+ 27. Kf1 cxb2 28. Rab1 Ng4 29. Rxb2 Nh2+ 30. Kg2 Re2+ 31. Kh3 Nf3 32. Bd3 Rh2# 0-1

[Event "Early-Titled-Tuesday-Blitz-October-17-2023"]
[Site "Chess.com"]
[Date "2023.10.17"]
[Round "10"]
[White "masterofpuppets2"]
[Black "sorch29"]
[Result "1-0"]
[WhiteElo "2520"]
[BlackElo "2417"]
[TimeControl "180+1"]
[EndTime "9:58:24 PDT"]
[Termination "masterofpuppets2 won on time"]

1. d4 Nf6 2. c4 g6 3. f3 Bg7 4. e4 d6 5. Nc3 O-O 6. Be3 c5 7. Nge2 Nc6 8. d5 Ne5 9. Ng3 e6 10. Be2 exd5 11. cxd5 h5 12. O-O h4 13. Nh1 Re8 14. Nf2 a6 15. a4 Nh7 16. f4 Nd7 17. Qd2 Rb8 18. Rab1 Nb6 19. b4 Nd7 20. bxc5 Nxc5 21. Bxc5 dxc5 22. e5 f6 23. e6 f5 24.
Bc4 Kh8 25. Kh1 b6 26. Rfe1 Qd6 27. Nd3 Nf8 28. Rbd1 Bb7 29. Ne5 Kh7 30. Nf7 Qe7 31.
d6 Qf6 32. Nd5 Bxd5 33. Bxd5 Red8 34. Nxd8 1-0

[Event "Early-Titled-Tuesday-Blitz-October-17-2023"]
[Site "Chess.com"]
[Date "2023.10.17"]
[Round "10"]
[White "HajiyevKanan"]
[Black "stollenmonster"]
[Result "0-1"]
[WhiteElo "2549"]
[BlackElo "2786"]
[TimeControl "180+1"]
[EndTime "9:58:25 PDT"]
[Termination "stollenmonster won by resignation"]

1. d4 Nf6 2. Nf3 e6 3. e3 d5 4. Be2 Be7 5. O-O O-O 6. c4 Ne4 7. b3 f5 8. Bb2 c6 9. Nbd2 Bd7 10.
Ne5 Be8 11. f3 Nxd2 12. Qxd2 Nd7 13. Nxd7 Qxd7 14. Rad1 Bg6 15. Bd3 Bd6 16. Qc2 Qe7 17.
g3 Qg5 18. Rfe1 h5 19. Bc1 Qf6 20. f4 h4 21. gxh4 Bh5 22. Qf2 Bxd1 23. Rxd1 Be7 24. h5 g6 25. hxg6 Qxg6+ 26. Kh1 Kh7 27. Rg1 Qh6 28. cxd5 cxd5 29. Bd2 Rg8 30. Rc1 Rac8 31. Rxc8 Rxc8 32. Qf3 Qh4 33. Qg3 Qxg3 34. hxg3 Kg7 35. Kg2 a5 36. g4 fxg4 37. Kg3 Bb4 38. Bxb4 axb4 39. Kxg4 Rc3 40. Bb5 Rxe3 41. f5 Kf6 42. fxe6 Kxe6 43. Be8 Kd6 44. Bf7 Re2 45. Kf3 Rxa2 0-1

[Event "Early-Titled-Tuesday-Blitz-October-17-2023"]
[Site "Chess.com"]
[Date "2023.10.17"]
[Round "10"]
[White "Laico"]
[Black "CuattroPrincesses"]
[Result "1-0"]
[WhiteElo "2448"]
[BlackElo "2288"]
[TimeControl "180+1"]
[EndTime "9:58:25 PDT"]
[Termination "Laico won on time"]

1. e4 c5 2. Nc3 d6 3. f4 g6 4. Nf3 Bg7 5. Bb5+ Bd7 6. O-O Bxb5 7. Nxb5 a6 8. Nc3 Nc6 9. d3 e6 10. f5 Nge7 11. fxe6 fxe6 12. Ng5 Qd7 13. Qg4 Nd4 14. Rf7 h5 15. Qg3 Bh6 16. Rh7 Rxh7 17. Nxh7 Bg7 18. Bh6 Be5 19. Qxe5 dxe5 20. Nf6+ Kd8 21. Nxd7 Kxd7 22.
Rf1 Kd6 23. Bf8 Re8 24. Rf7 Kd7 25. Na4 Nxc2 26. Nxc5+ Kc6 27. Bxe7 1-0

[Event "Early-Titled-Tuesday-Blitz-October-17-2023"]
[Site "Chess.com"]
[Date "2023.10.17"]
[Round "10"]
[White "Casper"]
[Black "guillembaches"]
[Result "1/2-1/2"]
[WhiteElo "2412"]
[BlackElo "2508"]
[TimeControl "180+1"]
[EndTime "9:58:27 PDT"]
[Termination "Game drawn by repetition"]

1. e4 d5 2. exd5 Qxd5 3. Na3 Nf6 4. Nf3 c6 5. Bc4 Qh5 6. d4 Bg4 7. Qd3 Bxf3 8. gxf3 e6 9. Bf4 Qa5+ 10. c3 Bxa3 11.
bxa3 Nbd7 12. Bd6 O-O-O 13. Rb1 Nb6 14. Bb4 Qf5 15. Qxf5 exf5 16. Bxf7 Nfd5 17. Bc5 Nxc3 18. Rb3 Ncd5 19. a4 Nxa4 20. Bxa7 b5 21. O-O Kb7 22. Bc5 Nxc5 23. dxc5 Rhf8 24. Bxd5 Rxd5 25. Re1 Rf7 26. Rc1 Rd4 27. Rc2 g6 28. Re3 Rfd7 29. Kg2 Ra4 30.
Re8 Rad4 31. Kg3 Ra4 32. Kg2 Rad4 33. Kg3 Ra4 34. Kg2 1/2-1/2

[Event "Early-Titled-Tuesday-Blitz-October-17-2023"]
[Site "Chess.com"]
[Date "2023.10.17"]
[Round "10"]
[White "BeautiFullMindChess"]
[Black "santosalberto1987"]
[Result "0-1"]
[WhiteElo "2264"]
[BlackElo "2415"]
[TimeControl "180+1"]
[EndTime "9:58:30 PDT"]
[Termination "santosalberto1987 won on time"]

1. e4 e6 2. d4 d5 3. exd5 exd5 4. Nf3 Nc6 5. Bd3 Bd6 6. O-O Bg4 7. c3 Qd7 8. Re1+ Nge7 9. Nbd2 O-O-O 10. b4 Ng6 11. b5 Nce7 12. Nb3 Nf4 13. Bxf4 Bxf4 14. Nc5 Qd6 15. Qa4 Kb8 16. Ne5 Bxe5 17. Rxe5 Ng6 18. Bxg6 hxg6 19. h3 f6 20. Re3 Bc8 21. Rb1 g5 22. c4 g4 23. Na6+ Ka8 24. c5 Qf4 25. g3 Qf5 26. Rbe1 Rxh3 27. Nxc7+ Kb8 28. b6 a6 29. Nxa6+ bxa6 30. c6 Rdh8 31. c7+ Kb7 32. Kf1 Qf3 33. Rxf3 gxf3 0-1

[Event "Early-Titled-Tuesday-Blitz-October-17-2023"]
[Site "Chess.com"]
[Date "2023.10.17"]
[Round "10"]
[White "Tagliata"]
[Black "Nekoo04"]
[Result "1-0"]
[WhiteElo "2139"]
[BlackElo "2234"]
[TimeControl "180+1"]
[EndTime "9:58:33 PDT"]
[Termination "Tagliata won on time"]

1. e4 c5 2. Nf3 d6 3. d4 cxd4 4. Nxd4 Nf6 5. Nc3 g6 6. Be3 Bg7 7. f3 O-O 8. Qd2 Nc6 9. O-O-O d5 10. Nxc6 bxc6 11. exd5 cxd5 12. Bd4 e6 13. h4 Qa5 14. h5 Rb8 15. hxg6 fxg6 16. Be5 Rb6 17. g4 Ba6 18. Bxa6 Qxa6 19. Qh2 Qb7 20. Ne2 h6 21. g5 Nh5 22. gxh6 Bxh6+ 23. Kb1 Rxf3 24. Rhg1 Kh7 25. Qg2 Qf7 26. Rdf1 Rf5 27. Nd4 Bg7 28. Nxf5 exf5 29. Bxg7 Qxg7 30. c3 d4 31. cxd4 a5 32. Qf2 a4 33. Rg5 a3 34. b3 Nf6 35. Rh1+ Kg8 36.
Qc2 Ne4 37. Qc8+ 1-0

[Event "Early-Titled-Tuesday-Blitz-October-17-2023"]
[Site "Chess.com"]
[Date "2023.10.17"]
[Round "10"]
[White "rachidhuilda"]
[Black "mary-sanna"]
[Result "0-1"]
[WhiteElo "2309"]
[BlackElo "2192"]
[TimeControl "180+1"]
[EndTime "9:58:39 PDT"]
[Termination "mary-sanna won by checkmate"]

1. d4 d5 2. Nf3 Nf6 3. e3 e6 4. Bd3 Be7 5. b3 O-O 6. Bb2 c5 7. Nbd2 cxd4 8. exd4 Nc6 9. O-O b6 10. Qe2 Nb4 11. Ne5 Bb7 12. Ndf3 Nxd3 13. cxd3 Rc8 14.
Rac1 Qd6 15. a3 Ba6 16. Qd2 h6 17. h3 Qb8 18. Nc6 Qb7 19. Nfe5 Bd6 20. Nb4 Bxe5 21. dxe5 Nd7 22. d4 Bxf1 23. Rxf1 a5 24. Nd3 Rc7 25. Nf4 Rfc8 26. Qe2 Rc2 27. Qg4 Rxb2 28. Nh5 g6 29. f4 Kh7 30. f5 gxh5 31. Qxh5 Rg8 32. Qxf7+ Rg7 33. fxe6 Rxg2+ 34. Kh1 Rxf7 35. Rxf7+ Rg7 36. exd7 Qc7 37. e6 Qc1+ 38. Kh2 Qg1# 0-1

[Event "Early-Titled-Tuesday-Blitz-October-17-2023"]
[Site "Chess.com"]
[Date "2023.10.17"]
[Round "10"]
[White "Fan_Of_Chucky"]
[Black "Roedor"]
[Result "0-1"]
[WhiteElo "2503"]
[BlackElo "2455"]
[TimeControl "180+1"]
[EndTime "9:58:40 PDT"]
[Termination "Roedor won by resignation"]

1. d4 Nf6 2. c4 g6 3. Nc3 d5 4. cxd5 Nxd5 5. Bd2 Bg7 6. e4 Nxc3 7. Bxc3 c5 8. d5 O-O 9. Qd2 e6 10. d6 Qh4 11. Bd3 Nc6 12. Nf3 Qg4 13. Bxg7 Kxg7 14. Be2 Qxe4 15. d7 Bxd7 16. Qxd7 Rad8 17. Qxb7 Rb8 18.
Qc7 Rxb2 19. O-O Rxe2 20. Rac1 Nd4 21. Ng5 Qe5 22. Rxc5 Qxc7 23. Rxc7 Rxa2 24. Rd7 h6 25. Nxf7 Rxf7 26. Rxd4 a5 27. Re4 Kf6 28. Rc1 Rd7 29. g4 Rd5 30. f4 g5 31. Rc6 Rd1+ 0-1

[Event "Early-Titled-Tuesday-Blitz-October-17-2023"]
[Site "Chess.com"]
[Date "2023.10.17"]
[Round "10"]
[White "C_K_G"]
[Black "Shockerlover"]
[Result "1-0"]
[WhiteElo "1897"]
[BlackElo "1953"]
[TimeControl "180+1"]
[EndTime "9:58:40 PDT"]
[Termination "C_K_G won on time"]

1. e4 g6 2. Nf3 Bg7 3. d4 d6 4.
Bd3 c6 5. h3 b5 6. a3 Nd7 7. O-O Nb6 8. Nc3 Nf6 9. Re1 O-O 10.
Bg5 a5 11. Qd2 Re8 12. e5 dxe5 13. dxe5 Nfd5 14. Ne4 Qc7 15. Ng3 Be6 16. Bh6 Rad8 17. Bxg7 Kxg7 18. Qg5 h6 19. Qh4 Nc4 20. b3 Nb2 21.
Be4 Nc3 22. Kh2 Nbd1 23. Kg1 Nxe4 24. Nxe4 Nb2 25. Nf6 exf6 26. exf6+ Kh7 27. Ng5+ Kg8 28. Qxh6 1-0

[Event "Early-Titled-Tuesday-Blitz-October-17-2023"]
[Site "Chess.com"]
[Date "2023.10.17"]
[Round "10"]
[White "Eagle_2019"]
[Black "Sanyura"]
[Result "0-1"]
[WhiteElo "2687"]
[BlackElo "2554"]
[TimeControl "180+1"]
[EndTime "9:58:41 PDT"]
[Termination "Sanyura won by resignation"]

1. d4 Nf6 2. Bg5 g6 3. Bxf6 exf6 4. e3 Bg7 5. c4 O-O 6. Nc3 f5 7. g3 c5 8. Nge2 cxd4 9. Nxd4 f4 10. gxf4 Nc6 11. Ndb5 d6 12. Bg2 Be6 13. Nxd6 Qa5 14.
O-O Rad8 15. c5 Rd7 16. Nce4 Bxb2 17. Rb1 Bg7 18. Rxb7 Rxb7 19. Nxb7 Qxa2 20. Ng5 Bc4 21. Bxc6 Bxf1 22. Kxf1 Qa6+ 23. Kg1 Qxc6 24. Qf3 Rc8 25. Qxc6 Rxc6 26. Nxf7 a5 27. Nfd8 Rc8 28. Ne6 a4 29.
Nxg7 Kxg7 30. Nd6 Rxc5 31. Ne4 Rc1+ 0-1

[Event "Early-Titled-Tuesday-Blitz-October-17-2023"]
[Site "Chess.com"]
[Date "2023.10.17"]
[Round "10"]
[White "Jospem"]
[Black "AvitalBor"]
[Result "1-0"]
[WhiteElo "3128"]
[BlackElo "2866"]
[TimeControl "180+1"]
[EndTime "9:58:45 PDT"]
[Termination "Jospem won by resignation"]

1. e4 e6 2. d4 d5 3. Nd2 c5 4. Ngf3 cxd4 5. Nxd4 Nf6 6. exd5 Nxd5 7. c3 Bc5 8. N2b3 Bxd4 9. Nxd4 O-O 10. Be2 e5 11. Nb3 Nc6 12. O-O b6 13. Re1 Be6 14. Bb5 Rc8 15. Qe2 f6 16. Nd4 Nxd4 17. cxd4 Nb4 18.
Rd1 Nc2 19. dxe5 Nd4 20. Qe4 fxe5 21. Be3 Qf6 22. Bxd4 exd4 23. Qxd4 Qxd4 24. Rxd4 Rc2 25. f3 Rxb2 26. a4 Rc8 27. Re1 Kf7 28. Rf4+ 1-0

[Event "Early-Titled-Tuesday-Blitz-October-17-2023"]
[Site "Chess.com"]
[Date "2023.10.17"]
[Round "10"]
[White "profedechess93"]
[Black "ChessQueen"]
[Result "0-1"]
[WhiteElo "2602"]
[BlackElo "2716"]
[TimeControl "180+1"]
[EndTime "9:58:46 PDT"]
[Termination "ChessQueen won by resignation"]

1. e4 c6 2. d4 d5 3. Nc3 dxe4 4.
Nxe4 Nf6 5. Nxf6+ exf6 6. c3 Bd6 7. Bd3 Na6 8. Qc2 Nc7 9. Ne2 Bg4 10. Bd2 Qd7 11.
O-O-O O-O-O 12. h3 Be6 13. Kb1 Nd5 14. c4 Nc7 15.
Rhe1 h5 16. Qa4 Kb8 17. Nf4 g6 18. Be3 Bxf4 19. Bxf4 Bf5 20. Ka1 Bxd3 21. Rxd3 Rhe8 22. Be3 b6 23. Red1 Kb7 24. Ra3 a6 25. Rb3 b5 26.
d5 cxd5 27. Qa5 d4 28. Rxd4 Qc6 29. Rd1 Rxd1+ 0-1

[Event "Early-Titled-Tuesday-Blitz-October-17-2023"]
[Site "Chess.com"]
[Date "2023.10.17"]
[Round "10"]
[White "Hambardzumyan_Yuri"]
[Black "borocotoajua"]
[Result "1-0"]
[WhiteElo "2509"]
[BlackElo "2575"]
[TimeControl "180+1"]
[EndTime "9:58:46 PDT"]
[Termination "Hambardzumyan_Yuri won by resignation"]

1. e4 c6 2. d4 d5 3. exd5 cxd5 4. Bd3 Nc6 5. c3 Nf6 6. Bf4 Bg4 7. Qb3 e5 8. h3 exf4 9. hxg4 Qe7+ 10. Kf1 O-O-O 11. a4 Ne4 12. a5 a6 13. Nf3 g6 14. Nbd2 Bg7 15.
Re1 f5 16. gxf5 gxf5 17. Qb6 Rhe8 18. Re2 Rd6 19. Qb3 Re6 20. Qd1 h6 21. Nh4 Nxd2+ 22.
Qxd2 Rxe2 23. Qxe2 Qd8 24. Qd2 Nxa5 25. Qxf4 Qb6 26.
Bxf5+ Kd8 27. g3 Nc4 28. Kg2 Qxb2 29. Qb8+ Ke7 30. Re1+ Kf6 31. Qxe8 1-0

[Event "Early-Titled-Tuesday-Blitz-October-17-2023"]
[Site "Chess.com"]
[Date "2023.10.17"]
[Round "10"]
[White "Kostukov_Alex"]
[Black "Actuary44"]
[Result "1-0"]
[WhiteElo "2386"]
[BlackElo "2496"]
[TimeControl "180+1"]
[EndTime "9:58:51 PDT"]
[Termination "Kostukov_Alex won by checkmate"]

1. g3 e5 2. Bg2 f5 3. c4 g6 4. d4 e4 5. h4 Bg7 6. h5 gxh5 7. Rxh5 d5 8. cxd5 Qxd5 9. e3 Nf6 10. Nc3 Qa5 11. Rh4 Be6 12. Bd2 Qb6 13. Na4 Qd6 14. Nc5 Bd5 15. Bb4 Qb6 16. Qa4+ Nc6 17.
Bc3 O-O 18. Ne2 Ne8 19. Nf4 Bf7 20. Bf1 Nd6 21. Nd7 Rfd8 22. Nxb6 axb6 23. Qc2 b5 24. b3 b4 25. Bb2 Ne7 26. d5 Nxd5 27. Nxd5 Bxd5 28.
Bxg7 Kxg7 29. Qxc7+ Nf7 30. Rd1 Rxa2 31. Rxd5 Rxd5 32. Rxh7+ Kxh7 33. Qxf7+ Kh6 34. Qxd5 Ra1+ 35. Ke2 Ra2+ 36. Kd1 Ra1+ 37. Kc2 Rxf1 38. Qxf5 Kg7 39.
g4 b6 40. g5 Kg8 41. g6 Rxf2+ 42. Qxf2 Kg7 43. Qf5 Kh6 44. Qf6 Kh5 45. g7 Kg4 46.
g8=Q+ Kh3 47. Qfh8# 1-0

[Event "Early-Titled-Tuesday-Blitz-October-17-2023"]
[Site "Chess.com"]
[Date "2023.10.17"]
[Round "10"]
[White "Hovik_Hayrapetyan"]
[Black "rasmussvane"]
[Result "0-1"]
[WhiteElo "2793"]
[BlackElo "2984"]
[TimeControl "180+1"]
[EndTime "9:58:53 PDT"]
[Termination "rasmussvane won on time"]

1. d4 Nf6 2. c4 e6 3. Nc3 Bb4 4. Nf3 h6 5. Bd2 O-O 6. e3 d5 7.
cxd5 exd5 8. Bd3 c6 9. O-O Bd6 10. Ne5 c5 11. Nb5 c4 12. Nxd6 Qxd6 13. Bc2 Nc6 14.
f4 b5 15. a4 b4 16. Nxc6 Qxc6 17. Bxb4 Re8 18. Qf3 Bg4 19. Qg3 Be2 20. Rfc1 Rab8 21. Bc3 Bd3 22. Bxd3 cxd3 23. Rd1 Ne4 24. Qe1 d2 25.
Bxd2 Rxb2 26. Rab1 Reb8 27. Rxb2 Rxb2 28. Rc1 Qg6 29.
Rd1 Qa6 30. Rc1 Rxd2 0-1

[Event "Early-Titled-Tuesday-Blitz-October-17-2023"]
[Site "Chess.com"]
[Date "2023.10.17"]
[Round "10"]
[White "Ural_bogatyr"]
[Black "azikom"]
[Result "1-0"]
[WhiteElo "2553"]
[BlackElo "2617"]
[TimeControl "180+1"]
[EndTime "9:58:53 PDT"]
[Termination "Ural_bogatyr won on time"]

1. d4 d5 2. Nc3 c6 3. Bf4 Qb6 4. Rb1 Nf6 5. e3 Bf5 6. f3 h6 7.
g4 Bh7 8. h4 Nbd7 9. Nge2 e6 10. Ng3 Bg6 11. Bd3 Bxd3 12. Qxd3 Qa5 13. Kf2 Bb4 14.
g5 Ng8 15. g6 f5 16. Nh5 Bf8 17. e4 fxe4 18. fxe4 Ngf6 19. Nxf6+ Nxf6 20. Rbe1 O-O-O 21. Qh3 Bb4 22. exd5 Bxc3 23. bxc3 cxd5 24. Rxe6 Rd7 25.
Kg2 Qxa2 26. Qf5 Ne4 27. Rc1 Qa3 28. Re5 Rf8 29. Qg4 Qxc3 30. Rxd5 Nf6 31. Qf5 Qc6 32. c4 Nxd5 33. Qxf8+ Rd8 34. Qf5+ 1-0

[Event "Early-Titled-Tuesday-Blitz-October-17-2023"]
[Site "Chess.com"]
[Date "2023.10.17"]
[Round "10"]
[White "carokannlover213"]
[Black "m_ezat"]
[Result "1-0"]
[WhiteElo "2730"]
[BlackElo "2561"]
[TimeControl "180+1"]
[EndTime "9:58:56 PDT"]
[Termination "carokannlover213 won by checkmate"]

1. e4 c6 2. c4 d5 3. exd5 cxd5 4. d4 Nf6 5. Nc3 g6 6. cxd5 Bg7 7. Qb3 O-O 8. Bc4 Na6 9. Bf4 Nc7 10. Nf3 a6 11. a4 b5 12. axb5 axb5 13. Rxa8 bxc4 14. Bxc7 Qxc7 15. Qb5 Qd6 16. Qxc4 Bb7 17. Rxf8+ Bxf8 18. O-O Ba6 19. Qc6 Bxf1 20. Qxd6 exd6 21. Kxf1 Be7 22. Ke2 Bd8 23. Kd3 Kf8 24. b4 Ke7 25.
h3 Kd7 26. Kc4 Kc7 27. Ng5 Nd7 28. Nxf7 Bf6 29. Nb5+ Kb8 30. Nbxd6 Nb6+ 31. Kc5 Na4+ 32. Kc6 Bxd4 33. b5 Bxf2 34. Ne5 Bg3 35. Nd7+ Ka8 36.
Nc8 Nb2 37. b6 Nc4 38. b7# 1-0